 Dungeon Crawl Stone Soup version 0.29.0-13-gc9e81de378 (webtiles) character file.

Game seed: 1382585920803918405

163957 ragingrage the Severer (level 17, 0/142 HPs)
             Began as a Demonspawn Monk on Sept 8, 2022.
             Was the Champion of Qazlal.
             Slain by a wolf spider simulacrum (18 damage)
             ... on level 4 of the Spider Nest.
             The game lasted 00:48:29 (36744 turns).

ragingrage the Severer (Demonspawn Monk)           Turns: 36744, Time: 00:48:29

Health: 0/142      AC: 33    Str: 18    XL:     17   Next: 25%
Magic:  16/28      EV:  9    Int: 13    God:    Qazlal [******]
Gold:   2809       SH: 22    Dex: 21    Spells: 16/16 levels left

rFire   . . .      SeeInvis .   a - +7 war axe of Pyromania {drain, Will- Dex+7 Stlth+}
rCold   + . .      Faith    .   J - +0 kite shield {AC+3}
rNeg    . . .      Spirit   .   q - +1 plate armour {rPois}
rPois   +          Reflect  .   Y - +1 helmet
rElec   .          Harm     .   (cloak unavailable)
rCorr   .          Rampage  .   y - +1 pair of gloves
Will    .....                   v - +1 pair of boots
Stlth   ..........              D - amulet of the acrobat
HPRegen 0.33/turn               P - +4 ring of protection
MPRegen 0.21/turn               j - +4 ring of slaying

@: mighty, protected from cold, repel missiles
A: powered by pain 2, spiny 2, sharp scales 3, weakness stinger 3, clumsy 1
a: Renounce Religion, Upheaval, Elemental Force, Disaster Area


You were on level 4 of the Spider Nest.
You worshipped Qazlal.
Qazlal was exalted by your worship.
You visited 5 branches of the dungeon, and saw 27 of its levels.
You visited the Abyss 1 time.
You also visited: Bailey.

You collected 3683 gold pieces.
You spent 874 gold pieces at shops.

Inventory:

Hand Weapons
 a - the +7 war axe of Pyromania (weapon) {drain, Will- Dex+7 Stlth+}
   (You bought it in a shop on level 8 of the Dungeon)

   A truly terrible weapon, it drains the life of any living foe it strikes.
   Dex:       It affects your dexterity (+7).
   Will:      It decreases your willpower.
   Stlth:     It makes you more stealthy.
 b - a +4 scimitar of flaming
 e - the +7 morningstar of Faclakk {vorpal, *Rage Fly rElec rCorr}
   (You found it on level 3 of the Spider Nest)

   It inflicts extra damage upon your enemies.
   rElec:     It insulates you from electricity.
   Fly:       It grants you flight.
   *Rage:     It berserks you when you make melee attacks (+20% chance).
   rCorr:     It protects you from acid and corrosion.
 l - a +1 broad axe of electrocution
Missiles
 f - 3 throwing nets
 F - 30 poisoned darts (quivered)
Armour
 q - a +1 plate armour of poison resistance (worn)
 v - a +1 pair of boots (worn)
 y - a +1 pair of gloves (worn)
 C - the +5 leather armour of the Fife {rPois Will+ Dex+4}
   (You found it on level 5 of the Lair of Beasts)

   Dex:       It affects your dexterity (+4).
   rPois:     It protects you from poison.
   Will:      It increases your willpower.
 J - a +0 kite shield of protection (worn)
 Y - a +1 helmet (worn)
Jewellery
 j - a +4 ring of slaying (right hand)
 D - an amulet of the acrobat (around neck)
 M - a ring of see invisible
 O - a ring of poison resistance
 P - a +4 ring of protection (left hand)
Wands
 o - a wand of mindburst (6)
 I - a wand of paralysis (8)
 K - a wand of flame (12)
 L - a wand of iceblast (11)
 S - a wand of quicksilver (10)
 X - a wand of polymorph (10)
Scrolls
 d - a scroll of magic mapping
 n - 4 scrolls of fog
 p - a scroll of brand weapon
 r - 13 scrolls of identify {@rr}
 s - 2 scrolls of poison
 x - 2 scrolls of torment
 B - 3 scrolls of blinking
 E - 6 scrolls of enchant weapon
 G - 6 scrolls of amnesia
 N - 6 scrolls of vulnerability
 Q - 4 scrolls of silence
 U - 3 scrolls of enchant armour
Potions
 c - 8 potions of ambrosia
 g - 3 potions of mutation
 h - 2 potions of brilliance
 i - 4 potions of lignification
 k - a potion of attraction
 m - 4 potions of haste
 u - 4 potions of might
 w - 7 potions of curing
 A - 6 potions of flight
 T - a potion of magic
 V - 4 potions of heal wounds
Miscellaneous
 z - a phantom mirror (inert)
 R - a tin of tremorstones (1/2)
 W - a box of beasts


   Skills:
 - Level 15.0 Fighting
 * Level 16.4 Axes
 - Level 11.5 Armour
 - Level 7.0 Dodging
 - Level 1.7 Stealth
 - Level 14.0 Shields
 + Level 14.8 Invocations
 - Level 6.3 Evocations


You had 16 spell levels left.
You didn't know any spells.
Your spell library contained the following spells:

 Spells                   Type           Power      Damage    Failure   Level
 Beastly Appendage        Tmut           0%         N/A       100%        1
 Sting                    Tmut/Pois      0%         1d3       100%        1
 Blink                    Tloc           0%         N/A       100%        2
 Poisonous Vapours        Pois/Air       0%         N/A       100%        2
 Scorch                   Fire           0%         2d5       100%        2
 Wereblood                Tmut           0%         N/A       100%        2
 Gell's Gravitas          Tloc           0%         N/A       100%        3
 Inner Flame              Hex/Fire       0%         N/A       100%        3
 Lesser Beckoning         Tloc           0%         N/A       100%        3
 Ozocubu's Armour         Ice            0%         N/A       100%        3
 Portal Projectile        Hex/Tloc       0%         N/A       100%        3
 Spider Form              Tmut/Pois      0%         N/A       100%        3
 Teleport Other           Tloc           0%         N/A       100%        3
 Tukima's Dance           Hex            0%         N/A       100%        3
 Cause Fear               Hex            0%         N/A       100%        4
 Flame Wave               Conj/Fire      0%         2d4       100%        4
 Hailstorm                Conj/Ice       0%         3d3       100%        4
 Ice Form                 Ice/Tmut       0%         N/A       100%        4
 Olgreb's Toxic Radiance  Pois           0%         N/A       100%        4
 Blade Hands              Tmut           0%         N/A       100%        5
 Manifold Assault         Tloc           0%         N/A       100%        5
 Summon Forest            Summ/Tloc      0%         N/A       100%        5
 Eringya's Noxious Bog    Tmut/Pois      0%         N/A       100%        6
 Simulacrum               Ice/Necr       0%         N/A       100%        6
 Summon Cactus Giant      Summ           0%         N/A       100%        6
 Ozocubu's Refrigeration  Ice            0%         4d7       100%        7
 Summon Hydra             Summ           0%         N/A       100%        7
 Discord                  Hex            0%         N/A       100%        8


Dungeon Overview and Level Annotations

Branches:
Dungeon (15/15)            Temple (1/1) D:4            Lair (5/5) D:9
 Shoals (0/4) Lair:3       Spider (4/4) Lair:2        Slime (0/5) Lair:5
    Orc (2/2) D:10            Elf (0/3) Orc:2        Vaults (0/5) D:13
 Depths (0/4) D:15         Bailey (visited)

Altars:
Ashenzari
Cheibriados
Dithmenos
Fedhas
Gozag
Hepliaklqana
Kikubaaqudgha
Makhleb
Nemelex Xobeh
Okawaru
Qazlal
Ru
Sif Muna
Trog
Uskayaw
Vehumet
Wu Jian
Xom
Yredelemnul
Lugonu

Shops:
D:4 ?   D:7 :*   D:8 ((   Orc:2 :[[[

Portals:
Abyss: D:7

Annotations:
D:4 exclusion: downstairs
D:13 exclusion: obsidian statue
Spider:2 exclusions: door and 2 oklob plants
Spider:3 2 transporters, Cumomo's ghost, adept SpEn
Orc:2 3 runed translucent doors, iguanaiguana's ghost, journeyman MiFi


Innate Abilities, Weirdness & Mutations

You sometimes gain power by taking damage.
You are mostly covered in sharp spines.
You are completely covered in razor-sharp scales. (AC +3, Slay +3)
You have a sharp stinger which inflicts weakening toxins.
You are clumsy. (Dex -2)


Message History

Qazlal accepts your kill.
A freezing mist starts to gather...
Training target 7.0 for Dodging reached!
Your Dodging skill increases to level 7!
An Asterion and 2 wolf spider simulacra come into view.
Unknown command.
You hear a faint skittering sound.
You block the pharaoh ant's attack.
The spark wasp simulacrum is engulfed in blazing flames.
The spark wasp simulacrum vaporises!
A redback simulacrum comes into view.
The pharaoh ant is struck by your spines.
The pharaoh ant bites you!
* * * LOW HITPOINT WARNING * * *
A jumping spider comes into view.
You see here a redback corpse.
You feel much better. You block the pharaoh ant's attack.
The jumping spider moves out of view.
A pharaoh ant comes into view.
Okay, then.
You slash the pharaoh ant! You tail-slap the pharaoh ant!
The pharaoh ant is almost destroyed.
You slice Asterion!!
You hear a skittering sound.
You block the pharaoh ant's attack.
Asterion is engulfed in blazing flames.
Asterion vaporises!
You slash the pharaoh ant!
You destroy the pharaoh ant!
Qazlal accepts your kill.
You slice the wolf spider simulacrum!!
You hear a faint skittering sound.
You block the wolf spider simulacrum's attack. x2
The wolf spider simulacrum attacks as you move away!
The wolf spider simulacrum is struck by your spines.
The wolf spider simulacrum hits you!
* * * LOW HITPOINT WARNING * * *
The wolf spider simulacrum freezes you!!
Your resistance to physical damage fades away.
You feel protected from cold.
You die...

#######...##
##..##......##
#...^........# #####
##†..........####^#..
#^.##.......^.....#.#
#..##...........###.##
.|.###..........##○..##
..##
#.........##.§...##.
###
#..........@Z)......
..# #........§##Z..^.##
..# #.........^##B..##
..# #......... #.## .##
..#.#~...~ s# .##
###.###^.. . ..## .
#...^ .. ..^# ## ..
..## ...


You could see a culicivora (soul bound), a pharaoh ant and 2 wolf spider
simulacra.

Vanquished Creatures
  Asterion (Spider:4)
  Aizul (Spider:4)
  2 ghost moths (Spider:3)
  An emperor scorpion (Spider:2)
  A broodmother (Spider:4)
  3 very ugly things (Abyss:3)
  3 spark wasps
  6 entropy weavers
  A great orb of eyes (Abyss:3)
  8 hydras
  4 catoblepae
  7 two-headed ogres
  Erica (Lair:2)
  An ogre mage (Orc:2)
  5 boulder beetles
  5 centaur warriors
  A death knight (D:14)
  A radroach (Spider:3)
  16 death yaks
  A deep troll shaman (Lair:5)
  3 orc high priests (Orc:2)
  Sonja (Orc:2)
  2 skeletal warriors (D:14)
  2 sixfirhies
  A sun moth (Spider:2)
  8 pharaoh ants
  3 orb spiders
  A starcursed mass (Abyss:3)
  4 steelbarb worms
  A wizard (D:15)
  A lindwurm (Lair:5)
  2 deep elf pyromancers
  A phantasmal warrior (D:14)
  6 orc knights
  2 necromancers
  27 wolf spiders
  9 orc sorcerers
  4 cyclopes
  2 worldbinders (Abyss:3)
  4 manticores
  9 ugly things
  A faun (shapeshifter) (D:14)
  A moth of wrath (Spider:2)
  An apocalypse crab (Abyss:3)
  2 centaur zombies (D:15)
  11 elephants
  A naga mage (D:15)
  Maurice (D:12)
  3 torpor snails
  4 black mambas
  9 cane toads
  8 demonic crawlers
  An unseen horror (D:11)
  2 centaur skeletons (D:15)
  A gargoyle (D:13)
  2 rime drakes
  2 kobold demonologists
  8 komodo dragons
  3 smoke demons (Abyss:3)
  A queen bee (Lair:2)
  5 polar bears
  8 trolls
  A meliai (shapeshifter) (D:14)
  A meliai (Spider:4)
  Grinder (D:5)
  3 raiju (Abyss:3)
  23 blink frogs
  24 tarantellas
  7 slime creatures
  12 dream sheep (Lair:4)
  21 culicivoras
  27 jumping spiders
  Sigmund (D:3)
  2 wraiths (D:13)
  A jumping spider (shapeshifter) (D:15)
  2 vampires
  4 large abominations (Abyss:3)
  A hog (shapeshifter) (Abyss:3)
  10 wyverns
  35 yaks
  Grum (Bailey)
  3 small abominations (Abyss:3)
  5 basilisks
  50 redbacks
  12 vampire mosquitoes
  3 neqoxecs (Abyss:3)
  3 wargs
  A chaos spawn (Abyss:3)
  3 swamp worms (Lair:2)
  21 water moccasins
  Duvessa (D:6)
  25 orc warriors
  2 black bears
  An ice beast (D:6)
  8 ogres
  27 wolves
  11 centaurs
  2 phantoms
  A kobold brigand (D:9)
  7 gnoll sergeants
  13 bullfrogs
  2 necrophages
  5 scorpions
  3 wights (D:8)
  Dowan (D:6)
  31 killer bees
  9 howler monkeys
  4 electric eels
  12 hounds
  16 orc priests
  6 gnoll boudas
  A jelly (D:4)
  30 orc wizards
  A boggart zombie (D:15)
  A hell rat (Lair:2)
  4 iguanas
  10 adders
  18 gnolls
  2 river rats (D:5)
  A white imp (D:6)
  2 ufetubi
  6 worms
  A dart slug (D:4)
  75 orcs
  7 endoplasms
  6 giant cockroaches
  3 goblins
  3 hobgoblins
  10 jackals
  7 quokkas
  6 ball pythons
  3 bats
  9 frilled lizards
  19 kobolds
  7 rats
  A lurking horror (D:7)
935 creatures vanquished.

Vanquished Creatures (collateral kills)
  Saint Roka (Orc:2)
  Louise (Spider:2)
  An orb spider (Spider:2)
  A cane toad (Lair:2)
  An orc warrior (Orc:2)
5 creatures vanquished.

Vanquished Creatures (others)
  A culicivora (Spider:1)
  A jumping spider (Spider:1)
  2 kobolds (D:9)
  17 fungi
  A lurking horror (D:7)
  49 plants
71 creatures vanquished.

Grand Total: 1011 creatures vanquished

Notes
Turn   | Place    | Note
-------+----------+-------------------------------------------
     0 | D:1      | ragingrage the Demonspawn Monk began the quest for the Orb.
     0 | D:1      | Reached XP level 1. HP: 18/18 MP: 1/1
    86 | D:1      | Reached skill level 3 in Axes
   260 | D:1      | Gained mutation: You have a small tail. [demonic ancestry]
   260 | D:1      | Reached XP level 2. HP: 21/24 MP: 2/2
   988 | D:1      | Found a faded altar of an unknown god.
  1007 | D:1      | Gained mutation: You sometimes gain a little power by
                  | taking damage. [demonic ancestry]
  1007 | D:1      | Reached XP level 3. HP: 28/29 MP: 3/3
  1295 | D:2      | Reached skill level 4 in Axes
  2154 | D:2      | You fall into a shaft and drop 2 floors!
  2154 | D:4      | Found a staircase to the Ecumenical Temple.
  2160 | Temple   | Entered the Ecumenical Temple
  2203 | Temple   | Became a worshipper of Qazlal Stormbringer
  2203 | Temple   | Reached * piety under Qazlal
  2203 | Temple   | Reached ** piety under Qazlal
  2238 | D:4      | Gained mutation: You are partially covered in razor-sharp
                  | scales. (AC +1, Slay +1) [demonic ancestry]
  2238 | D:4      | Reached XP level 4. HP: 32/35 MP: 4/4
  2265 | D:5      | Entered Level 5 of the Dungeon
  2265 | D:5      | Noticed a scorpion
  2396 | D:4      | Found Xefepyash's Magic Scroll Emporium.
  2507 | D:4      | Bought a scroll of fog for 56 gold pieces
  2554 | D:4      | Reached skill level 5 in Axes
  2899 | D:3      | Reached skill level 1 in Invocations
  2899 | D:3      | Reached XP level 5. HP: 25/41 MP: 4/6
  3794 | D:3      | Noticed Sigmund
  3821 | D:3      | Killed Sigmund
  3822 | D:3      | Gained mutation: You are mostly covered in razor-sharp
                  | scales. (AC +2, Slay +2) [demonic ancestry]
  3822 | D:3      | Reached XP level 6. HP: 32/47 MP: 6/8
  4410 | D:4      | Reached skill level 6 in Axes
  4779 | D:4      | Found a blossoming altar of Fedhas.
  4809 | D:4      | Reached skill level 5 in Invocations
  4809 | D:4      | Gained mutation: You have a tail ending in a sharp stinger.
                  | [demonic ancestry]
  4809 | D:4      | Reached XP level 7. HP: 51/52 MP: 10/10
  5301 | D:5      | Reached skill level 7 in Axes
  5478 | D:5      | Noticed Grinder
  5478 | D:5      | Paralysed by Grinder for 3 turns
  5902 | D:5      | Killed Grinder
  5903 | D:5      | Reached skill level 8 in Axes
  5903 | D:5      | Reached XP level 8. HP: 58/58 MP: 1/11
  6231 | D:5      | Reached skill level 9 in Axes
  8281 | D:6      | Reached skill level 10 in Axes
  8540 | D:6      | Noticed Dowan
  8540 | D:6      | Noticed Duvessa
  8863 | D:7      | Reached XP level 9. HP: 49/63 MP: 12/12
  8934 | D:7      | Found Ozxe's Book Shoppe.
  9463 | D:7      | Found a corrupted altar of Lugonu.
  9463 | D:7      | Found a one-way gate to the infinite horrors of the Abyss.
  9936 | D:7      | Found Sota's Elemental Accessories.
  9962 | D:7      | Reached skill level 11 in Axes
 10343 | D:8      | Found a flagged portal.
 10418 | Bailey   | Entered a bailey
 10584 | Bailey   | Reached skill level 12 in Axes
 11060 | Bailey   | Noticed Grum
 11070 | Bailey   | Killed Grum
 11090 | Bailey   | Gained mutation: You are completely covered in razor-sharp
                  | scales. (AC +3, Slay +3) [demonic ancestry]
 11090 | Bailey   | Reached XP level 10. HP: 30/70 MP: 8/13
 11515 | D:8      | Found Custiydd's Antique Weapon Shop.
 11714 | D:8      | Found a shimmering blue altar of Sif Muna.
 11996 | D:8      | Found Ganel's Antique Weapon Shop.
 12095 | D:8      | Bought a crude war axe for 212 gold pieces
 12095 | D:8      | Identified the +7 war axe of Pyromania {drain, Will- Dex+7
                  | Stlth+} (You bought it in a shop on level 8 of the Dungeon)
 12102 | D:8      | Found a burning altar of Makhleb.
 12267 | D:8      | Reached skill level 13 in Axes
 12339 | D:8      | Found a hide-covered altar of Uskayaw.
 12339 | D:8      | Found a snail-covered altar of Cheibriados.
 12798 | D:9      | Reached skill level 14 in Axes
 13207 | D:9      | Noticed a two-headed ogre
 13214 | D:9      | Killed a two-headed ogre
 13475 | D:9      | Found a staircase to the Lair.
 13927 | D:10     | Entered Level 10 of the Dungeon
 14146 | D:10     | Found a staircase to the Orcish Mines.
 14229 | D:10     | Noticed a sixfirhy
 14236 | D:10     | Found a runed translucent door.
 14598 | D:11     | Reached skill level 15 in Axes
 14946 | D:10     | Found a radiant altar of Vehumet.
 14946 | D:10     | Found a bloodstained altar of Trog.
 14946 | D:10     | Found an opulent altar of Gozag.
 14946 | D:10     | Found a basalt altar of Yredelemnul.
 14947 | D:10     | Found a shadowy altar of Dithmenos.
 14949 | D:10     | Found a shimmering altar of Xom.
 14949 | D:10     | Found a sacrificial altar of Ru.
 14949 | D:10     | Found an iron altar of Okawaru.
 15026 | D:10     | Reached XP level 11. HP: 64/75 MP: 14/14
 15895 | D:11     | Noticed a two-headed ogre
 15902 | D:11     | Killed a two-headed ogre
 15958 | D:11     | Noticed an eight-headed hydra
 15967 | D:11     | Killed an eight-headed hydra
 15968 | D:11     | Reached skill level 16 in Axes
 16280 | D:11     | Noticed a six-headed hydra
 16284 | D:11     | Killed a six-headed hydra
 16285 | D:11     | Reached skill level 1 in Armour
 16285 | D:11     | Reached skill level 1 in Shields
 16969 | D:12     | Identified a scroll of acquirement
 16969 | D:12     | Acquired a manual of Shields
 16981 | D:12     | Noticed a boulder beetle
 16992 | D:12     | Killed a boulder beetle
 17023 | D:12     | Reached skill level 5 in Fighting
 17042 | D:12     | Noticed Maurice
 17053 | D:12     | Killed Maurice
 17163 | D:12     | Noticed a two-headed ogre
 17168 | D:12     | Killed a two-headed ogre
 17376 | D:12     | Identified the +4 long sword of the Forgotten Seas {vorpal,
                  | rCorr}
 17470 | D:12     | Noticed an eight-headed hydra
 17477 | D:12     | Killed an eight-headed hydra
 17809 | D:7      | Bought a tin of tremorstones (2/2) for 480 gold pieces
 18272 | D:6      | Killed Duvessa
 18276 | D:6      | Killed Dowan
 18605 | Lair:1   | Entered Level 1 of the Lair of Beasts
 18644 | Lair:1   | Gained mutation: You are partially covered in sharp spines.
                  | [demonic ancestry]
 18644 | Lair:1   | Reached XP level 12. HP: 81/89 MP: 15/15
 18742 | Lair:1   | Reached *** piety under Qazlal
 18826 | Lair:1   | Reached skill level 5 in Shields
 19011 | Lair:1   | Noticed a catoblepas
 19032 | Lair:1   | Killed a catoblepas
 19714 | Lair:2   | Noticed a four-headed hydra
 19730 | Lair:1   | Killed a four-headed hydra
 19961 | Lair:2   | Noticed Erica
 19973 | Lair:2   | Killed Erica
 19974 | Lair:2   | Reached skill level 5 in Armour
 20147 | Lair:2   | Reached **** piety under Qazlal
 20388 | Lair:2   | Found a hole to the Spider Nest.
 20684 | Lair:2   | Reached ***** piety under Qazlal
 20776 | Lair:2   | Found the +11 plutonium sword {Contam Stlth-}
 21009 | Lair:2   | Reached skill level 10 in Fighting
 21009 | Lair:2   | Reached XP level 13. HP: 75/103 MP: 16/16
 21437 | Lair:3   | Found a staircase to the Shoals.
 21852 | Lair:3   | Reached skill level 10 in Shields
 22538 | Lair:3   | Identified the +3 leather armour of the Lychee {rN+ rCorr
                  | Str-4 Int+4}
 24310 | Lair:5   | Entered Level 5 of the Lair of Beasts
 24376 | Lair:5   | Reached XP level 14. HP: 111/111 MP: 18/18
 24411 | Lair:5   | Identified the +5 leather armour of the Fife {rPois Will+
                  | Dex+4}
 25216 | Lair:5   | Found a staircase to the Slime Pits.
 25591 | Orc:1    | Entered Level 1 of the Orcish Mines
 25613 | Orc:1    | Reached skill level 10 in Armour
 25682 | Orc:2    | Entered Level 2 of the Orcish Mines
 25769 | Orc:1    | Reached ****** piety under Qazlal
 25810 | Orc:2    | Noticed Saint Roka
 26725 | Orc:2    | Reached skill level 10 in Invocations
 26736 | Orc:2    | Killed Saint Roka
 27135 | Orc:2    | Found a staircase to the Elven Halls.
 27304 | Orc:2    | Found a runed translucent gate.
 27305 | Orc:2    | Found a runed translucent gate.
 27305 | Orc:2    | Noticed iguanaiguana's ghost (journeyman MiFi)
 27306 | Orc:2    | Found a runed translucent gate.
 27316 | Orc:2    | Noticed Sonja
 27322 | Orc:2    | Killed Sonja
 27548 | Orc:2    | Paralysed by an orc sorcerer for 2 turns
 27553 | Orc:2    | Gained mutation: You have a sharp stinger which inflicts
                  | weakening toxins. [demonic ancestry]
 27553 | Orc:2    | Reached XP level 15. HP: 120/120 MP: 22/22
 27808 | Orc:2    | Found Peum's Book Emporium.
 27808 | Orc:2    | Found Icill's Armour Shop.
 27810 | Orc:2    | Found Zusi's Armour Emporium.
 27810 | Orc:2    | Found Tefas's Armour Shop.
 27830 | Orc:2    | Bought a +1 pair of gloves for 126 gold pieces
 28850 | D:13     | Found a gate to the Vaults.
 29147 | D:14     | Paralysed by an orc sorcerer for 2 turns
 30107 | D:15     | Entered Level 15 of the Dungeon
 30864 | D:15     | Found a staircase to the Depths.
 31047 | Spider:1 | Entered Level 1 of the Spider Nest
 31113 | Spider:1 | Reached skill level 1 in Evocations
 31141 | Spider:1 | Gained mutation: You are mostly covered in sharp spines.
                  | [demonic ancestry]
 31141 | Spider:1 | Reached XP level 16. HP: 45/134 MP: 16/25
 31615 | Spider:1 | You fall into a shaft and drop 1 floor!
 31771 | Spider:2 | Noticed Louise
 31824 | Abyss:3  | Cast into level 3 of the Abyss (Louise)
 31843 | Abyss:3  | Gained mutation: You are clumsy. (Dex -2) [a neqoxec]
 32066 | Spider:2 | Escaped the Abyss
 32066 | Spider:2 | HP: 1/134 [wolf spider (12)]
 32079 | Spider:2 | Reached skill level 15 in Fighting
 32086 | Spider:2 | Reached skill level 5 in Dodging
 33354 | Spider:2 | Reached skill level 5 in Evocations
 33586 | Spider:2 | Killed Louise
 34790 | Spider:3 | Identified the +7 morningstar of Faclakk {vorpal, *Rage Fly
                  | rElec rCorr}
 34970 | Spider:3 | Found a transporter.
 35057 | Spider:3 | Gained mutation: You sometimes gain power by taking damage.
                  | [demonic ancestry]
 35057 | Spider:3 | Reached XP level 17. HP: 142/142 MP: 27/27
 35104 | Spider:3 | Noticed Cumomo's ghost (adept SpEn)
 35253 | Spider:3 | Found a transporter.
 35795 | Spider:4 | Entered Level 4 of the Spider Nest
 36329 | Spider:4 | Noticed Aizul
 36342 | Spider:4 | Killed Aizul
 36726 | Spider:4 | Noticed Asterion
 36739 | Spider:4 | Killed Asterion
 36744 | Spider:4 | Slain by a wolf spider simulacrum

Illustrated notes

Levels and vault maps discovered:
D:1:      scummos_arrival_simple_crosswalls, layout_rooms,
          chequers_ecumenical_altar_island, minmay_tromino_v2
D:2:      layout_basic, minmay_unequal
D:3:      layout_loops_corners, uniq_sigmund
D:4:      layout_gridville, mainiacjoe_overflow_paths, minmay_temple_entry_tees,
          serial_shops, shop_fountains, minmay_lizard_king
D:5:      layout_cave_pools, portal_sewer_entry_e, uniq_grinder
D:6:      layout_loops_corners, grunt_decor_resistance, uniq_duvessa
D:7:      layout_loops_corners, serial_shops, shop, nicolae_elemental_shop,
          minivault_4, amcnicky_altar_lugonu_corruption
D:8:      layout_basic, nicolae_overflow_hidden_temple, minitemple,
          serial_shops, nicolae_shop_behind_doors, enter_bailey_8,
          chequers_avenue, minivault_1, nicolae_take_the_stairs,
          ebering_dispersal_statue_hall
D:9:      layout_basic, mainiacjoe_overflow_small_starburst, erik_lair_island,
          minmay_misc_feat_secret_circle, nicolae_elevator_lobby_plus
D:10:     cheibrodos_shockbox, layout_long_grid, nicolae_overflows_in_rows,
          orc_0_dummy
D:11:     layout_loops_cross, elyvilon_altar_3
D:12:     layout_gridville, uniq_maurice
D:13:     layout_loops_ring, david_vaults_1, minmay_statue_bubble
D:14:     layout_irregular_city, minivault_4
D:15:     grunt_enter_depths_magical_seal, layout_loops_cross
Temple:   corrupted_temple
Lair:1:   layout_long_grid, grunt_megastairs_1
Lair:2:   regret_index_bee_streams, layout_cave_pods,
          nicolae_spider_entry_non_spiders, worms_lemuel, uniq_erica
Lair:3:   layout_small_grid, shoals_dummy_entry
Lair:4:   layout_layer_cave, lemuel_fruit_tree, grunt_megastairs_2
Lair:5:   grunt_lair_end_beastmaster, layout_cave_shapes, slime_entry_1
Spider:1: layout_spider_delve
Spider:2: spider_temple_joshua, uniq_louise
Spider:3: layout_spider_delve, gammafunk_ghost_berserking_beasts
Spider:4: hellmonk_spider_rune_endless_swarm, uniq_aizul, uniq_asterion
Orc:1:    layout_diamond_mine
Orc:2:    grunt_orc_tribal_feast, layout_diamond_mine, gammafunk_ghost_split,
          uniq_saint_roka, uniq_sonja

Skill      XL: |  1  2  3  4  5  6  7  8  9 10 11 12 13 14 15 16 17 |
---------------+----------------------------------------------------+-----
Axes           | 3 4 5 6 8 10 12 15 16 | 16.4
Invocations    | 1 3 5 6 10 12 14 | 14.8
Armour         | 3 6 9 10 11 | 11.5
Shields        | 4 8 12 13 14 | 14.0
Fighting       | 6 10 12 14 15 | 15.0
Evocations     | 2 6 |  6.3
Dodging        | 3 6 7 |  7.0
Stealth        | |  1.7

Action                   |  1- 3 |  4- 6 |  7- 9 | 10-12 | 13-15 | 16-18 || total
-------------------------+-------+-------+-------+-------+-------+-------++-------
Melee: Hand axe          |    59 |    11 |     9 |       |       |       ||    79
       Short sword       |    54 |   134 |   206 |       |       |       ||   394
       Tailslap          |    11 |    16 |    57 |    71 |   182 |   111 ||   448
       Punch             |     1 |     2 |     2 |       |       |       ||     5
       War axe           |       |       |     7 |   412 |   781 |   497 ||  1697
       Spear             |       |       |   176 |    34 |       |       ||   210
       Scimitar          |       |       |       |       |    15 |       ||    15
Throw: Boomerang         |       |     4 |     5 |       |       |       ||     9
       Dart              |       |       |     7 |    11 |     4 |     5 ||    27
       Throwing net      |       |       |     3 |       |       |       ||     3
Invok: Upheaval          |       |     2 |    20 |     3 |     8 |     7 ||    40
       Elemental Force   |       |       |       |     2 |     2 |     1 ||     5
       Disaster Area     |       |       |       |       |     2 |     1 ||     3
Evoke: Wand              |       |       |       |     5 |     4 |       ||     9
       Box of beasts     |       |       |       |     1 |     1 |       ||     2
       Tin of tremorston |       |       |       |       |     2 |     1 ||     3
       Phantom mirror    |       |       |       |       |     1 |     2 ||     3
  Use: Potion            |     1 |     1 |     5 |     1 |     2 |     8 ||    18
       Scroll            |       |       |     4 |    15 |     7 |     3 ||    29
 Stab: Sleeping          |     3 |       |       |       |       |       ||     3
       Invisible         |       |       |     5 |       |    50 |    11 ||    66
       Held in net/web   |       |       |     3 |       |     1 |       ||     4
       Paralysed         |       |       |       |     4 |     2 |       ||     6
       Distracted        |       |       |       |       |     1 |     2 ||     3
Armor: Robe              |    25 |    30 |    25 |       |       |       ||    80
       Plate armour      |       |       |   172 |   238 |   229 |   237 ||   876
       Leather armour    |       |       |       |       |    45 |       ||    45
Dodge: Dodged            |   107 |    97 |   127 |    91 |   163 |   139 ||   724
       Repelled          |       |       |       |       |     4 |     2 ||     6
Block: Other             |       |    13 |    21 |       |       |       ||    34
       Kite shield       |       |       |    91 |   296 |   752 |   552 ||  1691
